 Dungeon Crawl Stone Soup version 0.28.0-43-g3370ac3207 (webtiles) character file.

Game seed: 4316757829224652276

174 Revguard the Skirmisher (level 5, 0/47 HPs)
             Began as a Hill Orc Fighter on Mar 11, 2022.
             Was an Initiate of Beogh.
             Slain by Crazy Yiuf
             ... wielding a +4 quarterstaff of chaos
              (9 damage)
             ... on level 3 of the Dungeon.
             The game lasted 00:06:39 (2657 turns).

Revguard the Skirmisher (Hill Orc Fighter)          Turns: 2657, Time: 00:06:41

Health: 0/47       AC:  9    Str: 21    XL:     5   Next: 54%
Magic:  5/5        EV:  9    Int:  8    God:    Beogh [......]
Gold:   124        SH:  4    Dex: 10    Spells: 4/4 levels left

rFire   . . .      SeeInvis .   a - +0 war axe
rCold   . . .      Faith    .   c - +0 buckler
rNeg    . . .      Spirit   .   e - +2 scale mail "Zolapn" {*Slow rElec rCorr}
rPois   .          Reflect  .   (no helmet)
rElec   +          Harm     .   (no cloak)
rCorr   +          Rampage  .   (no gloves)
Will    .....                   (no boots)
Stlth   ..........              (no amulet)
HPRegen 0.15/turn               (no ring)
MPRegen 0.09/turn               (no ring)

@: mighty, lethally poisoned (0 -> -7), about to teleport
A: no striking features
a: Renounce Religion


You were on level 3 of the Dungeon.
You worshipped Beogh.
Beogh was noncommittal.
You visited 1 branch of the dungeon, and saw 3 of its levels.

You collected 124 gold pieces.

Inventory:

Hand Weapons
 a - a +0 war axe (weapon)
Armour
 b - a +0 scale mail
 c - a +0 buckler (worn)
 e - the +2 scale mail "Zolapn" (worn) {*Slow rElec rCorr}
   (You found it on level 2 of the Dungeon)

   rElec:     It insulates you from electricity.
   rCorr:     It protects you from acid and corrosion.
   *Slow:     It may slow you when you take damage.
Jewellery
 j - a ring of fire
Scrolls
 g - a scroll of identify
 i - a scroll of acquirement {unknown}
 k - 3 scrolls of amnesia {unknown}
Potions
 f - a potion of flight


   Skills:
 + Level 4.6 Fighting
 + Level 4.0 Axes
 + Level 4.1 Armour
 + Level 1.5 Dodging
 + Level 4.2 Shields


You had 4 spell levels left.
You didn't know any spells.
Your spell library was empty.

Dungeon Overview and Level Annotations

Branches:
Dungeon (3/15)

Altars:
Zin

Shops:
D:1 (

Annotations:
D:3 Crazy Yiuf


Message History

A quokka comes into view.
You barely miss the quokka. The quokka barely misses you.
The quokka bites you but does no damage.
You slash the quokka!
You kill the quokka!
Beogh accepts your kill.
You see here a quokka corpse.
You see here a quokka corpse.
k - 3 scrolls labelled DUNOAJU SUCRO You see here a +0 dagger.
You see here a +0 dagger.
Things that are here:
a +0 club; a +0 leather armour; a +0 whip
Items here: )) [[.
Crazy Yiuf shouts!
Crazy Yiuf yells, "Earwax verde koolooloo!"
You open the door. You hit Crazy Yiuf.
Crazy Yiuf is lightly wounded.
Crazy Yiuf hits you with a +4 quarterstaff of chaos!
You are poisoned.
Crazy Yiuf hits you with a +4 quarterstaff of chaos!
You feel very mighty all of a sudden.
You feel very sick. Crazy Yiuf barely misses you.
You slash Crazy Yiuf!
Crazy Yiuf is severely wounded.
You feel very sick.
Crazy Yiuf laughs, "Dawk unthinkable ladder!"
Crazy Yiuf hits you with a +4 quarterstaff of chaos.
* * * LOW HITPOINT WARNING * * *
Crazy Yiuf freezes you.
* * * LOW HITPOINT WARNING * * *
As you read the scroll of teleportation, it crumbles to dust.
You feel strangely unstable.
* * * LOW HITPOINT WARNING * * *
You feel very sick.
Crazy Yiuf yells, "Aardvark!
Lugonu eyeball head."
Crazy Yiuf hits you with a +4 quarterstaff of chaos!
You die...

#.## ##...#
#.........#.###
##.###.#..#
#....####......
##.#.##>.# #.#.##
###.### ####..######
##### #.... #.....#
##### #.##<.###♣♣♣♣♣
#) #.#........♣.♣♣♣
### ##
#.#.........♣..♣#...#
#
#..........♣♣♣♣@g...#
###..#....♣♣ ♣♣#..)#
#..####♣♣ ###
########## #..#
#......... #..#
########## #..# ###
### # #..# #.# #.# #
#..## #.# #.# #
#>..####.# #.# #


You could see Crazy Yiuf.

Vanquished Creatures
  Natasha (twice) (D:3)
  An orc wizard (D:3)
  An adder (D:2)
  2 worms (D:2)
  3 dart slugs
  5 orcs (D:3)
  6 endoplasms
  3 giant cockroaches
  3 goblins (D:1)
  9 hobgoblins
  4 jackals (D:2)
  4 quokkas
  7 ball pythons
  5 bats
  8 frilled lizards
  5 kobolds
  4 rats
72 creatures vanquished.

Vanquished Creatures (others)
  Natasha (D:3)
  An orc (D:3)
2 creatures vanquished.

Grand Total: 74 creatures vanquished

Notes
Turn   | Place    | Note
-------+----------+-------------------------------------------
     0 | D:1      | Revguard the Hill Orc Fighter began the quest for the Orb.
     0 | D:1      | Reached XP level 1. HP: 19/19 MP: 1/1
    39 | D:1      | Found a faded altar of an unknown god.
    53 | D:1      | Reached XP level 2. HP: 12/27 MP: 2/2
   561 | D:1      | Found Kaacapa's Weapon Boutique.
   734 | D:2      | Identified the +2 scale mail "Zolapn" {*Slow rElec rCorr}
   750 | D:2      | Reached XP level 3. HP: 31/33 MP: 3/3
  1133 | D:2      | Reached skill level 1 in Dodging
  1133 | D:2      | Reached XP level 4. HP: 12/40 MP: 4/4
  1791 | D:3      | Found a glowing silver altar of Zin.
  1867 | D:3      | Found a runed translucent door.
  1868 | D:3      | Noticed Crazy Yiuf
  2028 | D:3      | Reached XP level 5. HP: 45/47 MP: 5/5
  2057 | D:3      | Noticed Natasha
  2061 | D:3      | Killed Natasha
  2067 | D:3      | Became a worshipper of Beogh the Brigand
  2109 | D:3      | Killed Natasha
  2288 | D:3      | Noticed Natasha
  2299 | D:3      | Killed Natasha
  2657 | D:3      | Slain by Crazy Yiuf

Illustrated notes

Levels and vault maps discovered:
D:1:      lightli_arrival_flooded_house, layout_basic, serial_shops,
          nicolae_shop_bloodbath_and_beyond, shapermc_ecumenical_altar_pompeii
D:2:      layout_rooms
D:3:      layout_loops_ring, zin_scriptorium, uniq_natasha,
          uniq_crazy_yiuf_cottage

Skill      XL: |  1  2  3  4  5 |
---------------+----------------+-----
Axes           | 3 4 |  4.0
Fighting       | 4 |  4.6
Dodging        | 1 |  1.5
Shields        | 4 |  4.2
Armour         | 4 |  4.1

Action                   |  1- 3 |  4- 6 || total
-------------------------+-------+-------++-------
Melee: War axe           |   122 |    85 ||   207
Invok: Convert to Beogh  |       |     1 ||     1
  Use: Potion            |     3 |     1 ||     4
       Scroll            |     2 |     2 ||     4
Armor: Scale mail        |    79 |    54 ||   133
       Skin              |     1 |       ||     1
Dodge: Dodged            |    75 |    59 ||   134
Block: Buckler           |    44 |    22 ||    66
